[Event "Cesko-Slovenska Extraliga zen"]
[Site "Ricany"]
[Date "2015.06.28"]
[Round "2.12"]
[White "Homolkova, Ivana"]
[Black "Vorackova, Jarmila"]
[Result "1/2-1/2"]
[ECO "B19"]
[WhiteElo "1484"]
[BlackElo "1936"]
[PlyCount "105"]
[EventDate "2015.??.??"]
[TimeControl "6000+760"]
[WhiteClock "0:09:24"]
[BlackClock "0:02:13"]

1. e4 c6 2. d4 d5 3. Nc3 dxe4 4. Nxe4 Bf5 5. Ng3 Bg6 6. h4 h6 7. Nf3 Nd7 8. h5
Bh7 9. Bd3 Bxd3 10. Qxd3 Ngf6 11. Bd2 Qc7 12. O-O-O e6 13. Ne4 Nxe4 14. Qxe4
Nf6 15. Qe2 Bd6 16. g3 O-O-O 17. c4 c5 18. Bc3 Rhg8 19. dxc5 Qxc5 20. Ne5 Bxe5
21. Bxe5 Nd7 22. Bc3 Nb6 23. b3 a5 24. Kb2 Rd7 25. Rxd7 Nxd7 26. Rd1 a4 27. Bd4
Qb4 28. Qd2 Qxd2+ 29. Rxd2 axb3 30. axb3 e5 31. Be3 Nf6 32. b4 Nxh5 33. c5 Nf6
34. Rc2 Kc7 35. b5 Rd8 36. Kb3 Ng4 37. Bc1 f6 38. Kb4 Rd4+ 39. Ka5 Rd3 40. c6
bxc6 41. Rxc6+ Kd7 42. Rc2 e4 43. b6 Ne5 44. b7 Rb3 45. Ka6 Nc6 46. Rb2 Rxb2
47. Bxb2 Kc7 48. Ba3 h5 49. Bf8 g6 50. Bh6 g5 51. Bg7 Nd8 52. Bxf6 Nxb7 53.
Bxg5 1/2-1/2

[Event "Cesko-Slovenska Extraliga zen"]
[Site "Ricany"]
[Date "2015.06.28"]
[Round "2.13"]
[White "Balkova, Anna"]
[Black "Nova, Michaela"]
[Result "1-0"]
[ECO "B90"]
[WhiteElo "1929"]
[BlackElo "1828"]
[PlyCount "59"]
[EventDate "2015.??.??"]
[TimeControl "6000+785"]
[WhiteClock "0:13:47"]
[BlackClock "0:38:24"]

1. e4 c5 2. Nf3 d6 3. d4 cxd4 4. Nxd4 Nf6 5. Nc3 a6 6. Bc4 e6 7. Bb3 Nbd7 8.
O-O Nc5 9. Re1 Be7 10. Kh1 O-O 11. f4 Nxb3 12. axb3 Qc7 13. e5 Nd7 14. Qh5 dxe5
15. fxe5 b6 16. Bg5 Bxg5 17. Qxg5 Bb7 18. Re3 Qd8 19. Qg4 Qe7 20. Rae1 Rfd8 21.
Rg3 g6 22. Qf4 Rac8 23. Rh3 Qf8 24. Ree3 Qg7 25. Nf3 Bxf3 26. Rhxf3 Nxe5 27.
Rxe5 Rxc3 28. bxc3 Rd1+ 29. Rf1 Qxe5 30. Qxf7+ 1-0

[Event "Cesko-Slovenska Extraliga zen"]
[Site "Ricany"]
[Date "2015.06.28"]
[Round "2.15"]
[White "Valesova, Sarka"]
[Black "Otrubova, Kristyna"]
[Result "0-1"]
[ECO "C01"]
[WhiteElo "1860"]
[BlackElo "1440"]
[PlyCount "46"]
[EventDate "2015.??.??"]
[TimeControl "6000+780"]
[WhiteClock "0:57:37"]
[BlackClock "0:36:36"]

1. e4 e6 2. d4 d5 3. exd5 exd5 4. c4 Nf6 5. Bg5 Bb4+ 6. Nc3 Bxc3+ 7. bxc3 dxc4
8. Bxc4 O-O 9. Ne2 Bf5 10. O-O Nbd7 11. h4 h6 12. Bf4 Nh5 13. Bg3 Bg4 14. Qb3
Nb6 15. Bd3 Nxg3 16. fxg3 Qe7 17. Rae1 Qe3+ 18. Kh2 Qxd3 19. Nf4 Qc4 20. Qc2
Nd5 21. Nxd5 Qxd5 22. Rf4 Be6 23. Re5 Qxa2 0-1